 Dungeon Crawl Stone Soup version 0.27.1-1-g398f81649c (webtiles) character file.

Game seed: 11166107795787155908

91 speeev33 the Skirmisher (level 4, -1/41 HPs)
             Began as a Hill Orc Fighter on Sept 12, 2021.
             Killed from afar by Sigmund (6 damage)
             ... with a magic dart
             ... on level 3 of the Dungeon.
             The game lasted 00:02:01 (2113 turns).

speeev33 the Skirmisher (Hill Orc Fighter)          Turns: 2113, Time: 00:02:01

Health: -1/41      AC:  7    Str: 19    XL:     4   Next: 57%
Magic:  4/4        EV:  7    Int:  8    God:
Gold:   77         SH:  9    Dex: 10    Spells: 3/3 levels left

rFire    . . .     SeeInvis .   a - +0 war axe
rCold    . . .     Faith    .   c - +0 kite shield
rNeg     . . .     Spirit   .   b - +0 scale mail
rPois    .         Reflect  .   (no helmet)
rElec    .         Harm     .   l - scarf {repulsion}
rCorr    .         Rampage  .   (no gloves)
Will     .....                  (no boots)
Stlth    ..........             (no amulet)
HPRegen  0.13/turn              (no ring)
MPRegen  0.09/turn              (no ring)

@: mighty, repel missiles
A: no striking features
a: no special abilities


You were on level 3 of the Dungeon.
You visited 1 branch of the dungeon, and saw 3 of its levels.

You collected 77 gold pieces.

Inventory:

Hand Weapons
 a - a +0 war axe (weapon)
Missiles
 i - a throwing net (quivered)
Armour
 b - a +0 scale mail (worn)
 c - a +0 kite shield (worn)
 l - a scarf of repulsion (worn)
Scrolls
 j - a scroll of teleportation
 k - a scroll of identify
Potions
 e - a potion of mutation
 f - 2 potions of curing {unknown}
 g - a potion of haste {unknown}
 h - a potion of invisibility {unknown}
 m - a potion of brilliance {unknown}


   Skills:
 + Level 4.4 Fighting
 + Level 3.8 Axes
 + Level 4.0 Armour
 + Level 4.0 Shields


You had 3 spell levels left.
You didn't know any spells.
Your spell library contained the following spells:

 Spells                   Type           Power      Damage    Failure   Level
 Foxfire                  Conj/Fire      0%         2x1d4     99%         1
 Corpse Rot               Necr/Air       N/A        N/A       100%        2
 Bolt of Magma            Conj/Fire/Erth 0%         4d4       100%        5


Dungeon Overview and Level Annotations

Branches:
Dungeon (3/15)

Altars:
Xom

Shops:
D:1 (   D:2 [

Annotations:
D:3 Sigmund


Message History

Sigmund is nearby!
Sorry, you're not good enough to have a special ability.
You feel very mighty all of a sudden.
Sigmund's eyes start glowing with a red light.
Sigmund gestures at you while chanting.
You are more confused.
Sigmund hits you with a +0 scythe!
You bump into the rock wall.
You closely miss Sigmund. Sigmund gestures at you while chanting.
You are more confused.
Sigmund hits you with a +0 scythe.
You bump into the rock wall.
You closely miss Sigmund. Sigmund barely misses you.
You bump into the rock wall.
Sigmund hits you with a +0 scythe.
You bump into the rock wall.
Sigmund points at you and mumbles some strange words.
The puff of flame misses you.
You bump into the rock wall.
Sigmund barely misses you.
You barely miss Sigmund. Sigmund hits you with a +0 scythe.
You bump into the rock wall.
You bump into the rock wall.
Sigmund barely misses you.
You slash Sigmund!
Sigmund is heavily wounded.
Sigmund hits you with a +0 scythe.
* * * LOW HITPOINT WARNING * * *
You hit Sigmund.
Sigmund is severely wounded.
Sigmund says, "Look into my eyes."
Sigmund hits you with a +0 scythe!
* * * LOW HITPOINT WARNING * * *
You bump into the rock wall.
Sigmund points at you and mumbles some strange words.
You resist with some effort.
You completely miss Sigmund.
Sigmund is severely wounded.
You feel less confused. Sigmund casts a spell at you. The magic dart hits you.
You die...

###......##..........#
....#.##)##.########.#
.#....##.##.#######..#######
#.........................^#
............#######..##.##.#
#.#.####.#### #..##.##.# #
#.<..# #......... ####.#
#.#.<.##.. #@# #.#.#.# #@#
....#... #.# ...#####... ...
#.#. .## #.# #.## # ..# #.
..# .##


You could see Sigmund.

Vanquished Creatures
  Jessica (D:2)
  An adder (D:3)
  2 worms (D:2)
  An orc (D:3)
  7 bats
  3 endoplasms
  4 goblins
  5 hobgoblins (D:1)
  2 jackals (D:2)
  4 quokkas
  2 ball pythons
  3 frilled lizards (D:1)
  7 kobolds
  4 rats
46 creatures vanquished.

Notes
Turn   | Place    | Note
-------+----------+-------------------------------------------
     0 | D:1      | speeev33 the Hill Orc Fighter began the quest for the Orb.
     0 | D:1      | Reached XP level 1. HP: 19/19 MP: 1/1
   178 | D:1      | Reached XP level 2. HP: 23/27 MP: 2/2
   608 | D:1      | Reached XP level 3. HP: 29/33 MP: 3/3
   936 | D:1      | Found Esemock's Antique Weapon Shoppe.
  1080 | D:2      | Found a shimmering altar of Xom.
  1157 | D:2      | Found Uwagap's Antique Armour Boutique.
  1314 | D:2      | Noticed Jessica
  1322 | D:2      | Killed Jessica
  1323 | D:2      | Reached XP level 4. HP: 23/40 MP: 4/4
  1765 | D:2      | Found a faded altar of an unknown god.
  2039 | D:3      | Got the Reference Book on Weightlessness and Ignition
  2095 | D:3      | Noticed Sigmund
  2113 | D:3      | Killed from afar by Sigmund

Illustrated notes

Levels and vault maps discovered:
D:1:      psy_arrival_heroes, layout_loops_corners, serial_shops,
          nicolae_shop_overgrown_old_shop, chequers_serial_rivers_small_b,
          minmay_misc_feat_secret_circle, minmay_misc_feat_x,
          minmay_pentomino_r2
D:2:      layout_basic, basic_altar, ebering_ecumenical_altar_box, serial_shops,
          nicolae_diamond_shop, uniq_jessica
D:3:      minmay_chambers_of_threes, layout_loops_ring,
          grunt_temple_overflow_order_and_chaos_2,
          grunt_temple_overflow_octagram, uniq_sigmund

Skill      XL: |  1  2  3  4 |
---------------+-------------+-----
Axes           | 3 |  3.8
Fighting       | 4 |  4.4
Armour         | 4 |  4.0
Shields        | 4 |  4.0

Action                   |  1- 3 |  4- 6 || total
-------------------------+-------+-------++-------
Melee: War axe           |   105 |    33 ||   138
  Use: Scroll            |     2 |     2 ||     4
       Potion            |       |     1 ||     1
Armor: Scale mail        |    61 |     4 ||    65
Dodge: Dodged            |    40 |    15 ||    55
Block: Kite shield       |    70 |    12 ||    82
